 Dungeon Crawl Stone Soup version 0.29-a0-541-gaf1fc19f1b (webtiles) character file.

Game seed: 17912151718617018631

777 happo123 the Sneak (level 8, -10/46 HPs)
             Began as a Kobold Enchanter on June 3, 2022.
             Mangled by an orc warrior
             ... wielding a +0 scimitar
              (20 damage)
             ... on level 5 of the Dungeon.
             The game lasted 00:12:33 (4866 turns).

happo123 the Sneak (Kobold Enchanter)               Turns: 4866, Time: 00:12:33

Health: -10/46     AC:  3    Str:  5    XL:     8   Next: 10%
Magic:  1/13       EV: 17    Int: 19    God:
Gold:   152        SH:  0    Dex: 21    Spells: 6/14 levels left

rFire   . . .      SeeInvis .   w - +2 dagger (protect)
rCold   . . .      Faith    .   (no shield)
rNeg    . . .      Spirit   .   b - +0 robe
rPois   .          Reflect  .   (no helmet)
rElec   .          Harm     .   (no cloak)
rCorr   .          Rampage  .   t - +0 pair of gloves
Will    .....                   (no boots)
Stlth   +++++.....              (no amulet)
HPRegen 0.15/turn               o - +6 ring of dexterity
MPRegen 0.13/turn               (no ring)

@: no status effects
A: small, no large weapons, nightstalker 3
a: no special abilities


You were on level 5 of the Dungeon.
You visited 1 branch of the dungeon, and saw 5 of its levels.

You collected 152 gold pieces.

Inventory:

Hand Weapons
 r - a +1 dagger of venom
 w - a +2 dagger of protection (weapon)
Armour
 b - a +0 robe (worn)
 t - a +0 pair of gloves (worn)
Jewellery
 o - a +6 ring of dexterity (left hand)
 y - an amulet of faith
Scrolls
 d - 2 scrolls of enchant armour {unknown}
 g - 3 scrolls of fog {unknown}
 h - 3 scrolls of vulnerability {unknown}
 j - a scroll of fear {unknown}
 k - 5 scrolls of identify {unknown}
 m - a scroll of silence {unknown}
 n - a scroll of immolation {unknown}
 q - a scroll of blinking {unknown}
 s - 2 scrolls of magic mapping {unknown}
 v - 2 scrolls of teleportation {unknown}
 x - a scroll of poison {unknown}
Potions
 a - a potion of attraction {unknown}
 c - 4 potions of invisibility
 e - a potion of haste {unknown}
 f - 3 potions of ambrosia {unknown}
 i - 2 potions of might {unknown}
 l - a potion of cancellation {unknown}
 p - a potion of degeneration {unknown}
 u - a potion of magic {unknown}
 z - 2 potions of brilliance {unknown}


   Skills:
 + Level 3.3 Fighting
 + Level 4.1 Short Blades
 + Level 4.5 Dodging
 + Level 6.1 Stealth
 + Level 3.7 Spellcasting
 * Level 5.3 Hexes


You had 6 spell levels left.
You knew the following spells:

 Your Spells              Type           Power      Damage    Failure   Level
a - Ensorcelled Hibernat  Hex/Ice        26%        N/A       7%          2
b - Confusing Touch       Hex            23%        N/A       4%          3
c - Tukima's Dance        Hex            23%        N/A       4%          3

Your spell library contained the following spells:

 Spells                   Type           Power      Damage    Failure   Level
 Dazzling Flash           Conj/Hex       26%        N/A       14%         3
 Sublimation of Blood     Necr           3%         N/A       22%         2
 Wereblood                Tmut           3%         N/A       22%         2
 Summon Hydra             Summ           1%         N/A       100%        7


Dungeon Overview and Level Annotations

Branches:
Dungeon (5/15)
 Temple: D:4-7

Altars:
Gozag


Innate Abilities, Weirdness & Mutations

You are small and have problems with some larger weapons.
You are completely attuned to the shadows.


Message History

The orc wizard is severely wounded.
The orc wizard closely misses you.
You closely miss the orc wizard.
The orc wizard is severely wounded.
The orc wizard gestures at you while chanting.
The puff of flame hits you!
* * * LOW HITPOINT WARNING * * *
You closely miss the orc wizard.
The orc wizard is severely wounded.
You hit the orc wizard.
You kill the orc wizard!
Things that are here:
a +0 dagger; a +0 robe; an orc corpse The orc warrior attacks as you move away!
The orc warrior misses you. The orc warrior misses you.
The orc warrior attacks as you move away!
The orc warrior hits you but does no damage.
Aiming: Ensorcelled Hibernation (safe; 7% risk of failure)
Press: ? - help, Q - select action, (/) - cycle Shift-Dir - straight line, f - orc warrior
Aim: an orc warrior, wielding a +0 scimitar and wearing a +0 chain mail (chance to affect: 47%)
The orc warrior resists with some effort.
The orc warrior misses you.
The orc warrior attacks as you move away!
The orc warrior misses you.
The orc warrior attacks as you move away!
The orc warrior hits you with a +0 scimitar.
* * * LOW HITPOINT WARNING * * *
Aiming: Ensorcelled Hibernation (safe; 7% risk of failure)
Press: ? - help, Q - select action, (/) - cycle Shift-Dir - straight line, f/p - orc warrior
Aim: an orc warrior, wielding a +0 scimitar and wearing a +0 chain mail (chance to affect: 47%)
The orc warrior resists with some effort.
The orc warrior closely misses you.
Things that are here:
a +0 robe; a +0 war axe; a +0 robe
Things that are here:
a +0 falchion; a +0 robe The orc warrior attacks as you move away!
The orc warrior hits you with a +0 scimitar!!
You die...

#..........).....
#..........#.....
#......)####......
##########..[......
#)........
#..)P...# #...o♣..#
#...Po..# #..♣♣.@.#
##.)....# ###....##
#.....># #.######
#)# #)# #.# #.#


You could see an orc warrior and an orc.

Vanquished Creatures
  A phantom (D:5)
  2 scorpions
  3 wights (D:5)
  A howler monkey (D:5)
  A jelly (D:4)
  A gnoll shaman (D:5)
  3 iguanas
  An orc wizard (D:5)
  8 gnolls (D:5)
  2 adders
  A worm (D:2)
  4 dart slugs
  3 orcs
  7 endoplasms
  5 giant cockroaches
  5 goblins
  6 hobgoblins
  3 jackals (D:4)
  2 quokkas
  8 ball pythons
  8 bats
  6 kobolds
  5 rats
86 creatures vanquished.

Vanquished Creatures (collateral kills)
  A wight (D:5)
1 creature vanquished.

Vanquished Creatures (others)
  A plant (D:4)
1 creature vanquished.

Grand Total: 88 creatures vanquished

Notes
Turn   | Place    | Note
-------+----------+-------------------------------------------
     0 | D:1      | happo123 the Kobold Enchanter began the quest for the Orb.
     0 | D:1      | Reached XP level 1. HP: 10/10 MP: 3/3
   193 | D:1      | Reached XP level 2. HP: 15/15 MP: 5/5
   196 | D:1      | Learned a level 2 spell: Ensorcelled Hibernation
   457 | D:1      | Found a faded altar of an unknown god.
   567 | D:1      | Reached XP level 3. HP: 20/20 MP: 6/6
   584 | D:1      | Learned a level 3 spell: Confusing Touch
  1173 | D:1      | Reached skill level 1 in Fighting
  1666 | D:2      | Reached XP level 4. HP: 25/25 MP: 7/7
  2876 | D:3      | Reached XP level 5. HP: 29/29 MP: 9/9
  2885 | D:3      | Learned a level 3 spell: Tukima's Dance
  3595 | D:4      | Found an opulent altar of Gozag.
  3948 | D:4      | Reached skill level 5 in Stealth
  3948 | D:4      | Reached XP level 6. HP: 35/35 MP: 10/10
  4334 | D:5      | Entered Level 5 of the Dungeon
  4364 | D:5      | Reached XP level 7. HP: 40/40 MP: 11/11
  4725 | D:5      | Reached skill level 5 in Hexes
  4788 | D:5      | Reached skill level 6 in Stealth
  4834 | D:5      | Reached XP level 8. HP: 18/46 MP: 1/13
  4866 | D:5      | Mangled by an orc warrior

Illustrated notes

Levels and vault maps discovered:
D:1:      arrival_zaba_pyramid, layout_basic, ebering_ecumenical_altar_ruins,
          serial_bayou_pond_d, minmay_tetromino_i2
D:2:      layout_basic
D:3:      layout_loops_corners, nicolae_concentric_dashed_squares_wild
D:4:      layout_basic, nicolae_gozag_seed_capital, saegor_snake_ambush
D:5:      layout_basic, serial_park_tiny_2

Skill      XL: |  1  2  3  4  5  6  7 |
---------------+----------------------+-----
Fighting       | 1 2 3 |  3.3
Short Blades   | 2 3 4 |  4.1
Dodging        | 3 4 |  4.5
Stealth        | 5 6 |  6.1
Hexes          | 4 5 |  5.3
Spellcasting   | 3 |  3.7

Action                   |  1- 3 |  4- 6 |  7- 9 || total
-------------------------+-------+-------+-------++-------
Melee: Dagger            |    72 |    67 |   102 ||   241
       Punch             |       |       |     1 ||     1
 Cast: Ensorcelled Hiber |     6 |     7 |    20 ||    33
       Confusing Touch   |       |       |     2 ||     2
       Tukima's Dance    |       |       |     1 ||     1
 Stab: Sleeping          |    21 |    26 |    10 ||    57
       Confused          |       |       |     1 ||     1
Armor: Robe              |    12 |     6 |    16 ||    34
Dodge: Dodged            |    50 |    32 |    66 ||   148

Table legend: (Time is in decaauts)
 A = Elapsed time spent in this place.
 B = Non-inter-level travel time spent in this place.
 C = Inter-level travel time spent in this place.
 D = Time resting spent in this place.
 E = Time spent auto-exploring this place.
 F = Levels seen in this place.
 G = Mean time per level.
                   A        B        C        D        E       F      G
               +--------+--------+--------+--------+--------+-----+--------+
         Total |   4858 |   4463 |    395 |     62 |   3670 |   5 |  971.6 |
       Dungeon |   4858 |   4463 |    395 |     62 |   3670 |   5 |  971.6 |
               +--------+--------+--------+--------+--------+-----+--------+

Top non-repeatable levels by time:
     D:1: 1240 daAuts
     D:3: 1212 daAuts
     D:2: 1079 daAuts
     D:4: 813 daAuts
     D:5: 512 daAuts
